 Dungeon Crawl Stone Soup version 0.24.0-2-g5b39cebb1c (webtiles) character file.

Game seed: 11776160721230291902, levelgen mode: deterministic

30 Esekla the Skirmisher (level 3, -8/26 HPs)
             Began as an Octopode Abyssal Knight on Oct 30, 2019.
             Was a Follower of Lugonu.
             Mangled by an ice beast (12 damage)
             ... on level 2 of the Dungeon.
             The game lasted 00:04:49 (1056 turns).

Esekla the Skirmisher (Octopode Abyssal Knight)     Turns: 1056, Time: 00:04:50

Health: -8/26      AC:  1    Str: 12    XL:     3   Next: 18%
Magic:  4/4        EV: 13    Int: 14    God:    Lugonu [*.....]
Gold:   20         SH:  0    Dex: 11    Spells: 2/2 levels left

rFire    . . .     SeeInvis .   a - +1 falchion
rCold    . . .     Gourm    .   (no shield)
rNeg     . . .     Faith    .   (helmet restricted)
rPois    .         Spirit   .   e - amulet of regeneration
rElec    .         Reflect  .   (no ring)
rCorr    .         Harm     .   (no ring)
MR       .....                  (no ring)
Stlth    ++........             (no ring)
HPRegen  0.48/turn              (no ring)
MPRegen  0.09/turn              (no ring)
                                (no ring)
                                (no ring)

@: no status effects
A: almost no armour, stealthy swim, amphibious, 8 rings, constrict 8, camouflage
1, gelatinous body 1
a: Depart the Abyss, Renounce Religion


You were on level 2 of the Dungeon.
You worshipped Lugonu.
Lugonu was aware of your devotion.
You were not hungry.

You visited 1 branch of the dungeon, and saw 2 of its levels.
You visited the Abyss 1 time.

You collected 20 gold pieces.

Inventory:

Hand Weapons
 a - a +1 falchion (weapon)
 h - a +0 spear
Missiles
 f - 24 poisoned darts (quivered)
Jewellery
 e - an amulet of regeneration (around mantle)
Scrolls
 c - 2 scrolls of identify {unknown}
 i - a scroll of amnesia {unknown}
 j - a scroll of immolation {unknown}
Potions
 d - a potion of mutation {unknown}
 g - a potion of resistance {unknown}
Comestibles
 b - 2 rations


   Skills:
 + Level 3.4 Fighting
 * Level 2.5 Long Blades
 + Level 2.7 Dodging
 + Level 0.8 Stealth
 + Level 2.1 Invocations


You had 2 spell levels left.
You didn't know any spells.
Your spell library was empty.

Dungeon Overview and Level Annotations

Branches:
Dungeon (2/15)

Altars:


Innate Abilities, Weirdness & Mutations

You cannot wear most types of armour.
You are very stealthy in the water. (Stealth+)
You are amphibious.
You can wear up to eight rings at the same time.
You can use your tentacles to constrict eight enemies at once.
Your skin changes colour to match your surroundings (Stealth+).
Your rubbery body absorbs attacks. (AC +1, EV +1)


Message History

The rat bites you.
Found 30 stones.
You completely miss the rat. You grab the rat. You constrict the rat.
The rat barely misses you.
You barely miss the rat.
The rat is severely wounded.
You constrict the rat.
You kill the rat!
Lugonu accepts your kill.
You see here a spear.
You closely miss the ice beast. The ice beast hits you.
The ice beast freezes you!
You completely miss the ice beast. The ice beast hits you.
The ice beast freezes you!
* * * LOW HITPOINT WARNING * * *
You see here a rat corpse.
The ice beast hits you.
* * * LOW HITPOINT WARNING * * *
The ice beast freezes you!
You die...

#... .# ##..# .#
###..##.# #.......# .#
#(#..#..# .. #. #)##
##. # #.# #..
#.#############.# #
#......†.Y@..##.# .#
#.########...##.###.##
#.# #...........# #.#
#...#.......# #.#
##..#.......# #.#
#.##......... #.#
#.##<......## #.#
#.##......(#
#.##........#


You could see an ice beast.

Vanquished Creatures
  A dart slug (D:1)
  A leopard gecko (D:1)
  3 bats
  4 goblins (D:1)
  7 hobgoblins (D:1)
  4 kobolds (D:1)
  A frilled lizard (D:1)
  4 rats
25 creatures vanquished.

Notes
Turn   | Place    | Note
-------+----------+-------------------------------------------
     0 | Abyss:1  | Esekla the Octopode Abyssal Knight began the quest for the
                  | Orb.
     0 | Abyss:1  | Reached XP level 1. HP: 16/16 MP: 2/2
    26 | Abyss:1  | Noticed a rakshasa
    32 | Abyss:1  | Noticed a large abomination
    52 | D:1      | Escaped the Abyss
   175 | D:1      | Reached * piety under Lugonu
   175 | D:1      | Reached XP level 2. HP: 21/21 MP: 3/3
   578 | D:1      | Reached XP level 3. HP: 26/26 MP: 4/4
   917 | D:2      | Noticed an ice beast
  1056 | D:2      | Mangled by an ice beast

Levels and vault maps discovered:
D:1:      minmay_arrival_semitransparent, layout_loops_corners,
          supply_closet_lemuel, minmay_misc_feat_roman,
          hangedman_abyss_or_decor_lesser_grid
D:2:      layout_loops_ring, overflow_temple_1_default, uniq_robin

Action                   || total
-------------------------++-------
Melee: Falchion          ||    36
       Constrict         ||    13
       Tentacles         ||     5
Invok: Depart the Abyss  ||     1
 Stab: Sleeping          ||     3
Armor: Skin              ||     5
Dodge: Dodged            ||    21
       Rpst.: Falchion   ||    10
